PBL
CALGARY FLAMES @ PALM BEACH NATIONALS
08/22/2048
 
TOP OF THE 1ST
Calgary Flames batting - Pitching for Palm Beach Nationals : LHP Mark Ellis
Pitching: LHP Mark Ellis
Batting: RHB Peter Frankel 0-0: Called Strike
0-1: Ball
1-1: Fly out, F4 (Popup, 3S, EV 77.5 MPH)
Batting: RHB Andre Thompson 0-0: Ball
1-0: Ground out 4-3 (Groundball, 4, EV 90.0 MPH)
Batting: RHB Norinaga Yamakawakamatsu 0-0: Ball
1-0: SINGLE (Groundball, 6S, EV 71.2 MPH) (infield hit)
Batting: RHB Alejandro Patron 0-0: Called Strike
0-1: Fly out, F9 (Flyball, 9, EV 96.9 MPH)
Top of the 1st over - 0 runs, 1 hit, 0 errors, 1 left on base; Calgary 0 - Palm Beach 0
BOTTOM OF THE 1ST
Palm Beach Nationals batting - Pitching for Calgary Flames : LHP Seth Shaw
Pitching: LHP Seth Shaw
Batting: RHB Charlie Iacovone 0-0: Ball
1-0: Ball
2-0: Ball
3-0: Called Strike
3-1: Fly out, F9 (Line Drive, 89M, EV 96.2 MPH)
Batting: RHB Jess Thomas 0-0: Ground out 6-3 (Groundball, 56, EV 97.5 MPH)
Batting: RHB Rudolph Lentz 0-0: Ground out 4-3 (Groundball, 4, EV 98.1 MPH)
Bottom of the 1st over - 0 runs, 0 hits, 0 errors, 0 left on base; Calgary 0 - Palm Beach 0
TOP OF THE 2ND
Calgary Flames batting - Pitching for Palm Beach Nationals : LHP Mark Ellis
Batting: RHB Willie Torres 0-0: Ball
1-0: Called Strike
1-1: Fly out, F9 (Flyball, 9, EV 95.0 MPH)
Batting: LHB Gary Corrales 0-0: Foul Ball, location: 2F
0-1: Fly out, F7 (Line Drive, 7, EV 91.2 MPH)
Batting: RHB Chad Stady 0-0: Called Strike
0-1: Foul Ball, location: 2F
0-2: Ball
1-2: Foul Ball, location: 2F
1-2: Strikes out swinging
Top of the 2nd over - 0 runs, 0 hits, 0 errors, 0 left on base; Calgary 0 - Palm Beach 0
BOTTOM OF THE 2ND
Palm Beach Nationals batting - Pitching for Calgary Flames : LHP Seth Shaw
Batting: RHB Victor Rojas 0-0: Ball
1-0: Called Strike
1-1: Ball
2-1: Fly out, F7 (Flyball, 7S, EV 90.0 MPH)
Batting: RHB Kenny Ball 0-0: Ball
1-0: Ball
2-0: Ball
3-0: Called Strike
3-1: Base on Balls
Batting: RHB Ben Lowe 0-0: Fly out, F8 (Flyball, 8RM, EV 81.9 MPH)
Batting: LHB Tony Olvera 0-0: Foul Ball, location: 2F
0-1: SINGLE (Groundball, 6MS, EV 100.0 MPH)
Kenny Ball to second
Batting: RHB Jason Curry 0-0: Swinging Strike
0-1: Ground out 5-3 (Groundball, 56S, EV 80.6 MPH)
Bottom of the 2nd over - 0 runs, 1 hit, 0 errors, 2 left on base; Calgary 0 - Palm Beach 0
TOP OF THE 3RD
Calgary Flames batting - Pitching for Palm Beach Nationals : LHP Mark Ellis
Batting: RHB Antonio Martinez 0-0: Foul Ball, location: 2F
0-1: Ball
1-1: Foul Ball, location: 2F
1-2: Ball
2-2: Ball
3-2: Ground out U3 (Groundball, 3, EV 86.2 MPH)
Batting: RHB Pablo Henriquez 0-0: Ball
1-0: Ball
2-0: Foul Ball, location: 2F
2-1: Called Strike
2-2: Strikes out swinging
Batting: RHB Peter Frankel 0-0: Fly out, F7 (Flyball, 78M, EV 86.2 MPH)
Top of the 3rd over - 0 runs, 0 hits, 0 errors, 0 left on base; Calgary 0 - Palm Beach 0
BOTTOM OF THE 3RD
Palm Beach Nationals batting - Pitching for Calgary Flames : LHP Seth Shaw
Batting: LHB Dusty Jones 0-0: Called Strike
0-1: Foul Ball, location: 2F
0-2: Fly out, F8 (Flyball, 8RD, EV 75.6 MPH)
Batting: RHB Charlie Iacovone 0-0: Fly out, F5 (Line Drive, 56, EV 65.0 MPH)
Batting: RHB Jess Thomas 0-0: Called Strike
0-1: Ball
1-1: Foul Ball, location: 2F
1-2: Foul Ball, location: 2F
1-2: Ball
2-2: Strikes out swinging
Bottom of the 3rd over - 0 runs, 0 hits, 0 errors, 0 left on base; Calgary 0 - Palm Beach 0
TOP OF THE 4TH
Calgary Flames batting - Pitching for Palm Beach Nationals : LHP Mark Ellis
Batting: RHB Andre Thompson 0-0: Ball
1-0: Swinging Strike
1-1: Ball
2-1: Ball
3-1: Base on Balls
Batting: RHB Norinaga Yamakawakamatsu 0-0: Ball
1-0: Fly out, F9 (Flyball, 9LS, EV 85.6 MPH)
Batting: RHB Alejandro Patron 0-0: Ball
1-0: Swinging Strike
1-1: Foul Ball, location: 2F
1-2: Strikes out looking
Batting: RHB Willie Torres 0-0: Ball
1-0: Called Strike
1-1: Called Strike
1-2: Ball
2-2: Strikes out swinging
Top of the 4th over - 0 runs, 0 hits, 0 errors, 1 left on base; Calgary 0 - Palm Beach 0
BOTTOM OF THE 4TH
Palm Beach Nationals batting - Pitching for Calgary Flames : LHP Seth Shaw
Batting: RHB Rudolph Lentz 0-0: Called Strike
0-1: Foul Ball, location: 2F
0-2: Foul Ball, location: 2F
0-2: Foul Ball, location: 2F
0-2: Ball
1-2: Foul Ball, location: 2F
1-2: Foul Ball, location: 2F
1-2: Ground out 5-3 (Groundball, 56, EV 88.1 MPH)
Batting: RHB Victor Rojas 0-0: Called Strike
0-1: Foul Ball, location: 2F
0-2: Strikes out looking
Batting: RHB Kenny Ball 0-0: Ball
1-0: Ball
2-0: Ball
3-0: Called Strike
3-1: Swinging Strike
3-2: Base on Balls
Batting: RHB Ben Lowe 0-0: Ball
1-0: Ball
2-0: Called Strike
2-1: SINGLE (Line Drive, 89S, EV 96.9 MPH)
Kenny Ball to second
Batting: LHB Tony Olvera 0-0: Called Strike
0-1: Fly out, F8 (Flyball, 8RD, EV 99.4 MPH)
Bottom of the 4th over - 0 runs, 1 hit, 0 errors, 2 left on base; Calgary 0 - Palm Beach 0
TOP OF THE 5TH
Calgary Flames batting - Pitching for Palm Beach Nationals : LHP Mark Ellis
Batting: LHB Gary Corrales 0-0: Ball
1-0: SINGLE (Groundball, 4M, EV 78.8 MPH) (infield hit)
Batting: RHB Chad Stady 0-0: Ball
1-0: Foul Ball, location: 2F
1-1: Foul Ball, location: 2F
1-2: Strikes out looking
Batting: RHB Antonio Martinez 0-0: Fly out, F7 (Flyball, 7S, EV 70.6 MPH)
Batting: RHB Pablo Henriquez 0-0: Called Strike
0-1: Ball
1-1: Swinging Strike
1-2: Foul Ball, location: 2F
1-2: Strikes out swinging
Top of the 5th over - 0 runs, 1 hit, 0 errors, 1 left on base; Calgary 0 - Palm Beach 0
BOTTOM OF THE 5TH
Palm Beach Nationals batting - Pitching for Calgary Flames : LHP Seth Shaw
Batting: RHB Jason Curry 0-0: Ball
1-0: Ball
2-0: Called Strike
2-1: Ball
3-1: Base on Balls
Batting: LHB Dusty Jones 0-0: Foul Ball, location: 2F
0-1: Fly out, F7 (Flyball, 7LD, EV 106.2 MPH)
Batting: RHB Charlie Iacovone 0-0: Fly out, F9 (Flyball, 9LMF, EV 90.0 MPH)
Batting: RHB Jess Thomas 0-0: Ball
1-0: Fly out, F9 (Flyball, 89D, EV 93.1 MPH)
Bottom of the 5th over - 0 runs, 0 hits, 0 errors, 1 left on base; Calgary 0 - Palm Beach 0
TOP OF THE 6TH
Calgary Flames batting - Pitching for Palm Beach Nationals : LHP Mark Ellis
Batting: RHB Peter Frankel 0-0: Fly out, F3 (Popup, 3SF, EV 72.5 MPH)
Batting: RHB Andre Thompson 0-0: SOLO HOME RUN (Flyball, 8LXD, EV 116.9 MPH), Distance : 457 ft
Batting: RHB Norinaga Yamakawakamatsu 0-0: Ground out 4-3 (Groundball, 4, EV 78.1 MPH)
Batting: RHB Alejandro Patron 0-0: Foul Ball, location: 2F
0-1: Ball
1-1: Foul Ball, location: 2F
1-2: Strikes out swinging
Top of the 6th over - 1 run, 1 hit, 0 errors, 0 left on base; Calgary 1 - Palm Beach 0
BOTTOM OF THE 6TH
Palm Beach Nationals batting - Pitching for Calgary Flames : LHP Seth Shaw
Batting: RHB Rudolph Lentz 0-0: Swinging Strike
0-1: Foul Ball, location: 2F
0-2: Ball
1-2: Ball
2-2: Strikes out swinging, 2-3 out at first.
Batting: RHB Victor Rojas 0-0: Hit by Pitch
Batting: RHB Kenny Ball 0-0: Called Strike
0-1: Grounds into double play, 4-6-3 (Groundball, 34, EV 83.1 MPH)
Bottom of the 6th over - 0 runs, 0 hits, 0 errors, 0 left on base; Calgary 1 - Palm Beach 0
TOP OF THE 7TH
Calgary Flames batting - Pitching for Palm Beach Nationals : LHP Mark Ellis
Batting: RHB Willie Torres 0-0: Foul Ball, location: 2F
0-1: Swinging Strike
0-2: Strikes out swinging
Batting: LHB Gary Corrales 0-0: Called Strike
0-1: Fly out, F8 (Flyball, 8LD, EV 83.8 MPH)
Batting: RHB Chad Stady 0-0: Ball
1-0: Swinging Strike
1-1: Swinging Strike
1-2: Strikes out swinging
Top of the 7th over - 0 runs, 0 hits, 0 errors, 0 left on base; Calgary 1 - Palm Beach 0
BOTTOM OF THE 7TH
Palm Beach Nationals batting - Pitching for Calgary Flames : LHP Seth Shaw
Batting: RHB Ben Lowe 0-0: Called Strike
0-1: Swinging Strike
0-2: Ground out 1-3 (Groundball, 15S, EV 71.9 MPH)
Pinch Hitting: RHB Jon Ortiz 0-0: Reached on error, E5 (Groundball, 56S, EV 91.2 MPH)
Pinch Hitting: RHB Qian Tai 0-0: Called Strike
0-1: Ball
1-1: Called Strike
1-2: Ball
2-2: Ball
3-2: Strikes out swinging
Pitching: RHP Scott Howarth
Batting: LHB Dusty Jones 0-0: Ball
1-0: Called Strike
1-1: Foul Ball, location: 2F
1-2: Strikes out swinging
Bottom of the 7th over - 0 runs, 0 hits, 1 error, 1 left on base; Calgary 1 - Palm Beach 0
TOP OF THE 8TH
Calgary Flames batting - Pitching for Palm Beach Nationals : LHP Mark Ellis
Pitching: RHP Kareem Linz
Now at 2B: Alex Gonzalez
Now in CF: Qian Tai
Batting: RHB Antonio Martinez 0-0: Called Strike
0-1: Foul Ball, location: 2F
0-2: Ball
1-2: Strikes out swinging
Batting: RHB Pablo Henriquez 0-0: Ball
1-0: Ball
2-0: Foul Ball, location: 2F
2-1: Foul Ball, location: 2F
2-2: Fly out, F9 (Flyball, 9, EV 90.6 MPH)
Batting: RHB Peter Frankel 0-0: Fly out, F8 (Flyball, 8LM, EV 94.4 MPH)
Top of the 8th over - 0 runs, 0 hits, 0 errors, 0 left on base; Calgary 1 - Palm Beach 0
BOTTOM OF THE 8TH
Palm Beach Nationals batting - Pitching for Calgary Flames : RHP Scott Howarth
Batting: RHB Charlie Iacovone 0-0: Ground out 6-3 (Groundball, 6, EV 104.4 MPH)
Batting: RHB Colin Morris 0-0: Called Strike
0-1: Called Strike
0-2: Ball
1-2: Strikes out swinging
Batting: RHB Rudolph Lentz 0-0: Ball
1-0: Foul Ball, location: 2F
1-1: Ground out 6-3 (Groundball, 56, EV 103.8 MPH)
Bottom of the 8th over - 0 runs, 0 hits, 0 errors, 0 left on base; Calgary 1 - Palm Beach 0
TOP OF THE 9TH
Calgary Flames batting - Pitching for Palm Beach Nationals : RHP Kareem Linz
Pitching: RHP Cody Hadden
Batting: RHB Andre Thompson 0-0: Ball
1-0: Called Strike
1-1: Ball
2-1: Ball
3-1: Base on Balls
Batting: RHB Norinaga Yamakawakamatsu 0-0: Ball
1-0: Swinging Strike
1-1: Foul Ball, location: 2F
1-2: Strikes out looking
Batting: RHB Alejandro Patron 0-0: Called Strike
Andre Thompson is caught stealing 2nd base 2-4
0-1: Ground out 6-3 (Groundball, 6, EV 104.4 MPH)
Top of the 9th over - 0 runs, 0 hits, 0 errors, 0 left on base; Calgary 1 - Palm Beach 0
BOTTOM OF THE 9TH
Palm Beach Nationals batting - Pitching for Calgary Flames : RHP Scott Howarth
Now in CF: Peter Frankel
Now in RF: Garrett Dodge
Batting: RHB Victor Rojas 0-0: Ball
1-0: Swinging Strike
1-1: Ball
2-1: Ball
3-1: Base on Balls
Pinch Hitting: RHB Ryan Wright 0-0: Foul Ball, location: 2F
0-1: Foul Ball, location: 2F
0-2: Ball
1-2: Ball
2-2: Strikes out swinging
Pinch Hitting: RHB Ken Yeadon 0-0: Ball
1-0: Ball
2-0: Ball
3-0: Called Strike
3-1: Swinging Strike
3-2: Foul Ball, location: 2F
3-2: Base on Balls
Victor Rojas to second
Pitching: RHP Bruce Boivin
Pinch Hitting: SHB John Husson 0-0: Grounds into double play, 4-6-3 (Groundball, 4, EV 89.4 MPH)
Bottom of the 9th over - 0 runs, 0 hits, 0 errors, 1 left on base; Calgary 1 - Palm Beach 0
Tuesday, March 28th , 2023 - OOTP Baseball 23.10 Build 110